Unix NetHack Version 5.0.0-0 post-release - last build May 23 2026 06:08:33 (1c0ff79ee797540d5714e4e18072db0edd9e58ae,branch:main).

Game began 2026-05-27 04:37:34, ended 2026-05-27 04:46:58.

CyberFan, neutral male human Monk

                                ------
                               #-.\.%|
                                |..f@-#     -------
                                |.u@(|#     |.....|
                                ---u--######|.....|
                                           #|))...|
                                           #|^.).{|
                                           #|.....|
                                         ###-..0..|
                            ---+-------  #  -------
                            |.<........ ###
                            +.........|  ##
                            |...{.)..(-#######
                            -----------

CyberFan the Novice             St:16 Dx:13 Co:11 In:10 Wi:18 Ch:9  Neutral
Dlvl:6  $:62 HP:0(35) Pw:29(29) AC:3  Xp:4/93 T:1235 

Latest messages:
 The rothe misses!
 The kitten misses the hobgoblin.
 You hit the rothe!
 The rothe misses!
 The rothe bites!
 The rothe bites again!
 The kitten bites the hobgoblin.
 The hobgoblin is killed!
 The gnome lord picks up an orcish helm.
 You hear a B note squeak in the distance.
 You kill the rothe!
 The kitten bites the gnome lord.
 The gnome lord misses the kitten.
 The hobgoblin swings her curved sword.
 The hobgoblin misses!
 The kitten misses the bugbear.
 You kill the hobgoblin!
 The kitten bites the bugbear.
 The bugbear is killed!
 The gnome lord hits!
 The kitten picks up a curved sword.
 Your kitten eats a bugbear corpse.
 The Elvenking throws a runed spear!
 The runed spear hits the kitten!
 You swap places with your pony.
 You swap places with your pony.
 You hit the Elvenking!
 The Elvenking wields a mace!
 The mace welds itself to the Elvenking's hand!
 You hit the Elvenking!
 You swap places with your pony.
 You stop.  Your pony is in the way!
 You swap places with your pony.
 The pony hits the gnome lord.
 The gnome lord is killed!
 The pony misses the yellow light.
 The pony misses the yellow light.
 The pony misses it.
 The pony misses it.
 The Elvenking picks up an orcish helm.
 You hear some noises.
 The Elvenking tries to wield a curved sword.
 The Elvenking's mace is welded to his hand!
 The pony picks up a hobgoblin corpse.
 You hear a B note squeak in the distance.
 The Elvenking swings his mace.
 The Elvenking hits!
 The Elvenking swings his mace.
 The Elvenking hits again!
 You die...

Inventory:
 Coins    ('$')
  $ - 62 gold pieces
 Armor    ('[')
  l - an uncursed +0 orcish helm (being worn)
  a - an uncursed +2 pair of leather gloves (being worn)
  b - an uncursed +1 robe (being worn)
 Comestibles  ('%')
  f - 4 uncursed apples
  o - an uncursed cram ration
  e - 4 uncursed food rations
  h - 4 uncursed fortune cookies
  g - 5 uncursed oranges
 Scrolls  ('?')
  s - an uncursed scroll of enchant weapon
  c - an uncursed scroll of gold detection
  u - an uncursed scroll of identify
  p - a blessed scroll of light
  r - a cursed scroll of light
 Spellbooks  ('+')
  v - an uncursed spellbook of dig
  q - an uncursed spellbook of polymorph
  i - a blessed spellbook of protection
  m - an uncursed spellbook of remove curse
  n - an uncursed spellbook of slow monster
 Potions  ('!')
  d - 3 uncursed potions of healing
 Wands    ('/')
  x - an uncursed wand of striking (0:4)
 Tools    ('(')
  j - an uncursed magic marker (0:20)
  y - an uncursed magic whistle

CyberFan the Monk's attributes:

Background:
 You were a Novice, a level 4 male human Monk.
 You were neutral, nominally on a mission for Chih Sung-tzu
 who was opposed by Shan Lai Ching (lawful) and Huan Ti (chaotic).
 You were right-handed.
 You were in the Dungeons of Doom, on level 6.
 You entered the dungeon 1235 turns ago.
 It was nighttime.
 You had 93 experience points, 67 more were needed to attain level 5.

Basics:
 You had 0 out of 35 hit points.
 You had all 29 energy points (spell power).
 Your armor class was 3.
 Your wallet contained 62 zorkmids.
 Autopickup was on for '$%?!"=/*' plus thrown, with exceptions.

Final Characteristics:
 Your strength was 16 (limit:18/100).
 Your dexterity was 13 (limit:18).
 Your constitution was 11 (limit:18).
 Your intelligence was 10 (limit:18).
 Your wisdom was 18 (limit:18).
 Your charisma was 9 (limit:18).

Final Status:
 You weren't hungry.
 You were unencumbered.
 You were empty handed.
 You had basic skill with martial arts.

Final Attributes:
 You were devoutly aligned.
 You were sleep resistant.
 You were poison resistant.
 You saw invisible.
 You were guarded.
 Your spell casting was enhanced by wearing a robe.
 You were fast.
 You are dead.

Miscellaneous:
 You disabled loading and storing of bones levels.
 Total elapsed playing time was 9 minutes and 23 seconds.

Major events:
 Turn
    1: CyberFan the neutral male human Monk entered the dungeon
  396: entered the Gnomish Mines
  553: attained the rank of Novice (level 3)
 1235: killed by an Elvenking

Spells:
 Name                 Level Category     Fail Retention
 protection             1   clerical       0%  76%-100%
 remove curse           3   clerical      64%  76%-100%

Skills:
 Fighting Skills
   martial arts       [Basic]
 Weapon Skills
   quarterstaff       [Unskilled]
   spear              [Unskilled]
   crossbow           [Unskilled]
   shuriken           [Unskilled]
 Spellcasting Skills
   attack spells      [Unskilled]
   healing spells     [Basic]
   divination spells  [Unskilled]
   enchantment spells [Unskilled]
   clerical spells    [Unskilled]
   escape spells      [Unskilled]
   matter spells      [Unskilled]

Voluntary challenges:
 Character rerolling was not enabled.
 You were vegetarian.
 You were an atheist.
 You never hit with a wielded weapon.
 You never genocided any monsters.
 You never polymorphed an object.
 You never changed form.
 You used no wishes.
Achievements:
 You entered the Gnomish Mines.
 You attained the rank of Novice.

 The Dungeons of Doom: levels 1 to 6
    Level 1:
       A grave.
    Level 2:
       Stairs down to The Gnomish Mines.
    Level 3:
       A grave.
    Level 4:
       An altar.
    Level 5:
    Level 6: <- You were here.
       A throne, a fountain, a sink.
       Final resting place for
          you, killed by an Elvenking.
 The Gnomish Mines: levels 3 to 4
    Level 3:
    Level 4:


Vanquished creatures:
  a bugbear
  a gnome leader
  a rothe
  a giant bat
 an iguana
 an acid blob
  a gas spore
  3 hobgoblins
  2 giant rats
  4 gnomes
  4 jackals
  2 foxes
  3 goblins
  3 sewer rats
  a grid bug
  a lichen
  a kobold zombie
  2 newts
33 creatures vanquished.

No species were genocided or became extinct.

Game over:
                       ----------
                      /          \
                     /    REST    \
                    /      IN      \
                   /     PEACE      \
                  /                  \
                  |     CyberFan     |
                  |      62 Au       |
                  |   killed by an   |
                  |    Elvenking     |
                  |                  |
                  |                  |
                  |       2026       |
                 *|     *  *  *      | *
        _________)/\\_//(\/(/\)/\//\/|_)_______

Goodbye CyberFan the Monk...

You died in The Dungeons of Doom on dungeon level 6 with 678 points,
and 62 pieces of gold, after 1235 moves.
You were level 4 with a maximum of 35 hit points when you died.

